 Dungeon Crawl Stone Soup version 0.21.1-1-g345015f (webtiles) character file.

238 Fang the Chopper (level 6, 0/38 HPs)
             Began as a Gargoyle Berserker on May 21, 2018.
             Was a Believer of Trog.
             Slain by a jackal (1 damage)
             ... on level 3 of the Dungeon.
             The game lasted 00:01:18 (1651 turns).

Fang the Chopper (Gargoyle Berserker)               Turns: 1651, Time: 00:01:19

Health: 0/38       AC:  6    Str: 23    XL:     6   Next: 7%
Magic:  15/15      EV: 12    Int:  7    God:    Trog [**....]
Gold:   151        SH:  0    Dex:  9    Spells: 5/5 levels left

rFire    . . .     SeeInvis .   a - +0 hand axe
rCold    . . .     Gourm    .   (no shield)
rNeg     + . .     Faith    .   b - +0 animal skin
rPois    ∞         Spirit   .   (no helmet)
rElec    +         Reflect  .   (no cloak)
rCorr    .         Harm     .   (no gloves)
MR       .....                  (no boots)
Stlth    +.........             (no amulet)
HPRegen  0.12/turn              i - ring of magical power
MPRegen  0.14/turn              (no ring)

@: berserk cooldown, slowed, very slow
A: negative energy resistance 1, electricity resistance, unbreathing,
petrification resistance, rot immunity, AC +4
a: Berserk, Trog's Hand, Burn Spellbooks, Renounce Religion


You were on level 3 of the Dungeon.
You worshipped Trog.
Trog was pleased with you.
You were not hungry.

You visited 1 branch of the dungeon, and saw 3 of its levels.

You collected 151 gold pieces.

Inventory:

Hand Weapons
 a - a +0 hand axe (weapon)
Armour
 b - a +0 animal skin (worn)
Jewellery
 i - a ring of magical power (left hand)
Scrolls
 d - 2 scrolls of enchant weapon {unknown}
 e - 2 scrolls of immolation {unknown}
 f - 5 scrolls of identify {unknown}
 j - a scroll of fear {unknown}
Potions
 g - 2 potions of curing {unknown}
 h - 4 potions of flight {unknown}
Comestibles
 c - 4 rations


   Skills:
 + Level 4.2 Fighting
 + Level 4.5 Axes
 + Level 2.2 Armour
 + Level 3.0 Dodging
 + Level 1.1 Stealth


You had 5 spell levels left.
You didn't know any spells.

Dungeon Overview and Level Annotations

Branches:
Dungeon (3/15)

Altars:
Ru


Innate Abilities, Weirdness & Mutations

You are resistant to torment.
Your stone body is resilient. (AC +4)
You are immune to poison.
You resist negative energy. (rN+)
You are resistant to electric shocks. (rElec)
You can survive without breathing.
You are immune to petrification.
You are immune to rotting.


Message History

The jackal bites you but does no damage.
Unknown command.
You barely miss the jackal. The jackal closely misses you.
Unknown command.
You hit the jackal.
The jackal is severely wounded.
The jackal bites you but does no damage.
Unknown command.
You closely miss the jackal.
The jackal is severely wounded.
You are no longer berserk.
You are exhausted.
You feel yourself slow down. The jackal barely misses you.
Unknown command.
You closely miss the jackal.
The jackal is severely wounded.
The jackal bites you.
* * * LOW HITPOINT WARNING * * *
The jackal bites you.
You die...

### ### #.. ..#
######.######.#
#...........#(#
#.####.####.#.#
#...@...#.#.#
#.##h##.#.#.# #
...#.#.#.###
.._.........#
.#...#.#.###.#######
#.##.##.#.#.#........
# .... #.#<.........
#.## #.####.......
..# .......


You could see a jackal.

Vanquished Creatures
  The ghost of cheese the Slasher, an amateur TeGl of Vehumet (D:3)
  An ogre (D:2)
  3 dart slugs
  2 giant cockroaches
  4 goblins
  3 hobgoblins
  3 jackals (D:3)
  3 bats (D:1)
  2 frilled lizards (D:1)
  5 kobolds
  8 rats
35 creatures vanquished.

Notes
Turn   | Place    | Note
-------+----------+-------------------------------------------
     0 | D:1      | Fang the Gargoyle Berserker began the quest for the Orb.
     0 | D:1      | Reached XP level 1. HP: 14/14 MP: 1/1
    51 | D:1      | Reached XP level 2. HP: 2/19 MP: 2/2
   706 | D:1      | Reached XP level 3. HP: 23/24 MP: 3/3
  1141 | D:2      | Reached ** piety under Trog
  1272 | D:2      | Noticed an ogre
  1287 | D:2      | Killed an ogre
  1287 | D:2      | Reached XP level 4. HP: 4/29 MP: 4/4
  1287 | D:2      | Reached XP level 5. HP: 4/33 MP: 5/5
  1614 | D:3      | Found a sacrificial altar of Ru.
  1624 | D:3      | Noticed cheese's ghost (amateur TeGl)
  1642 | D:3      | Killed cheese's ghost
  1642 | D:3      | Reached skill level 1 in Stealth
  1642 | D:3      | Reached XP level 6. HP: 4/38 MP: 6/6
  1651 | D:3      | HP: 1/38 [jackal (3)]
  1651 | D:3      | Slain by a jackal

Skill      XL: |  1  2  3  4  5 |
---------------+----------------+-----
Axes           | 3 4 |  4.5
Dodging        | 2 3 |  3.0
Fighting       | 4 |  4.2
Stealth        | 1 |  1.1
Armour         | |  2.2

Action                   |  1- 3 |  4- 6 || total
-------------------------+-------+-------++-------
Melee: Hand axe          |   124 |    23 ||   147
Invok: Berserk           |     1 |     1 ||     2
 Stab: Sleeping          |     1 |       ||     1
  Eat: Chunk             |     1 |       ||     1
       Ration            |       |     1 ||     1
Armor: Animal skin       |    50 |     6 ||    56
Dodge: Dodged            |   115 |     7 ||   122
